 Dungeon Crawl Stone Soup version 0.25-a0-645-gb4487340cb (webtiles) character file.

Game seed: 18222315853348536924, levelgen mode: deterministic

860 CryoSword the Ruffian (level 7, -2/57 HPs)
             Began as a Grey Draconian Transmuter on Mar 21, 2020.
             Was a Follower of Fedhas.
             Killed by divine providence
             ... invoked by an orc priest
              (12 damage)
             ... on level 5 of the Dungeon.
             The game lasted 00:21:05 (5947 turns).

CryoSword the Ruffian (Grey Draconian Transmuter)   Turns: 5947, Time: 00:21:05

Health: -2/57      AC: 13    Str: 13    XL:     7   Next: 71%
Magic:  9/10       EV: 13    Int: 14    God:    Fedhas [*.....]
Gold:   170        SH:  0    Dex: 12    Spells: 0/10 levels left

rFire    . . .     SeeInvis .     - Unarmed
rCold    . . .     Gourm    .   (no shield)
rNeg     . . .     Faith    .   (armour unavailable)
rPois    .         Spirit   .   (helmet restricted)
rElec    .         Reflect  .   o - +0 cloak
rCorr    .         Harm     .   (no gloves)
MR       .....                  f - +0 pair of boots
Stlth    +.........             (no amulet)
HPRegen  0.19/turn              (no ring)
MPRegen  0.12/turn              (no ring)

@: no status effects
A: walk through water, unfitting armour, unbreathing, cold-blooded, AC +11
a: Renounce Religion


You were on level 5 of the Dungeon.
You worshipped Fedhas.
Fedhas was aware of your devotion.
You were not hungry.

You visited 1 branch of the dungeon, and saw 5 of its levels.

You collected 170 gold pieces.

Inventory:

Missiles
 a - 90 arrows
 g - a javelin (quivered)
 l - 16 poisoned darts
 r - a throwing net {!f}
Armour
 f - a +0 pair of boots (worn)
   (You found it on level 1 of the Dungeon)
 o - a +0 cloak (worn)
   (You took it off Crazy Yiuf on level 2 of the Dungeon)
Magical Staves
 w - an uncursed staff of summoning
   (You found it on level 3 of the Dungeon)
Jewellery
 A - an uncursed ring of positive energy {unknown}
   (You found it on level 4 of the Dungeon)
Wands
 b - a wand of random effects (26)
   (You took it off Ijyb on level 3 of the Dungeon)
Scrolls
 d - 3 scrolls of identify {unknown}
 h - 2 scrolls of teleportation {unknown}
 j - a scroll of remove curse {unknown}
 m - a scroll of enchant weapon {unknown}
 p - 3 scrolls of immolation {unknown}
 q - a scroll of fog {unknown}
 t - a scroll of amnesia {unknown}
 v - a scroll of enchant armour {unknown}
 x - a scroll of magic mapping {unknown}
 y - a scroll of random uselessness {unknown}
Potions
 e - a potion of berserk rage {unknown}
 i - a potion of stabbing {unknown}
 k - a potion of lignification {unknown}
 n - 2 potions of flight {unknown}
 s - a potion of magic {unknown}
 u - a potion of heal wounds {unknown}
 B - a potion of curing {unknown}
Comestibles
 c - 6 rations {!d}
 z - 5 chunks of flesh


   Skills:
 + Level 3.5 Fighting
 + Level 3.4 Dodging
 * Level 5.7 Unarmed Combat
 + Level 2.3 Spellcasting
 * Level 5.1 Transmutations
 + Level 1.2 Poison Magic
 - Level 1.1 Evocations


You couldn't memorise any spells.
You knew the following spells:

 Your Spells              Type           Power        Failure   Level  Hunger
a - Beastly Appendage     Tmut           ###...       2%          1    #......
b - Sticks to Snakes      Tmut           ###.....     4%          2    ###....
c - Spider Form           Tmut/Pois      ##........   19%         3    ###....
d - Ice Form              Ice/Tmut       #.......     61%         4    #####..

Your spell library contained the following spells:

 Spells                   Type           Power        Failure   Level  Hunger
 Animate Skeleton         Necr           N/A          22%         1    #......
 Apportation              Tloc           #.....       22%         1    #......
 Corona                   Hex            #......      22%         1    #......
 Summon Small Mammal      Summ           #...         22%         1    #......
 Blade Hands              Tmut           ###.......   58%         5    ######.


Dungeon Overview and Level Annotations

Branches:
Dungeon (5/15)             Temple (0/1) D:4

Altars:
Fedhas
Okawaru
Trog


Innate Abilities, Weirdness & Mutations

You can walk through water.
Your dull iron-grey scales are very hard. (AC +11)
You cannot fit into any form of body armour.
You can survive without breathing.
You are cold-blooded and may be slowed by cold attacks.


Message History

Things that are here:
a +0 flail; an orc corpse You butcher the orc corpse.
z - 5 chunks of flesh (gained 4)
Things that are here:
a +0 flail; an orc skeleton
Things that are here:
a +0 flail; an orc skeleton A jelly comes into view.
A jelly is nearby!
A jelly is nearby!
The jelly quivers.
Found a ration.
You hit the jelly.
Your hands burn!
The jelly is moderately wounded.
The jelly misses you.
You hit the jelly.
Your hands burn!
You headbutt the jelly.
The jelly is moderately wounded.
The jelly barely misses you.
Casting: Beastly Appendage (safe; 3% risk of failure)
Confirm with . or Enter, or press ? or * to list all spells.
You fail to extend your transformation any further.
The jelly barely misses you.
You completely miss the jelly. You headbutt the jelly.
The jelly is severely wounded.
The jelly hits you but does no damage.
You hit the jelly but do no damage.
Your hands burn!
You punch the jelly.
The jelly is severely wounded.
The jelly barely misses you.
You hit the jelly. The acid corrodes you!
Your hands burn!
The jelly is almost dead.
Your transformation is almost over.
The jelly barely misses you.
You hit the jelly.
You kill the jelly!
Fedhas accepts your kill.
No target in view!
Your horns disappear.
You start resting.
You are no longer corroded.
You start resting.
HP restored.
c - 6 rations {!d} (gained 1) 2 orcs come into view.
An orc is wielding a +2 short sword of venom.
There are monsters nearby!
An orc comes into view. It is wielding a +0 flail.
The orc shouts! x2
An orc priest comes into view. It is wielding a +0 club.
You hear a shout!
Casting: Beastly Appendage (safe; 2% risk of failure)
Confirm with . or Enter, or press ? or * to list all spells.
You grow a pair of large bovine horns.
The orc priest shouts!
The orc priest calls down the wrath of Beogh upon you.
Beogh smites you!
Casting: Beastly Appendage (safe; 2% risk of failure)
Confirm with . or Enter, or press ? or * to list all spells.
You create a snake!
You now have 90 arrows.
You closely miss the orc. Your headbutt misses the orc.
You closely miss the orc. Your headbutt misses the orc.
The orc hits you but does no damage.
You hit the orc. Your punch misses the orc.
The orc is heavily wounded.
You hit the orc. You headbutt the orc.
You kill the orc!
Fedhas accepts your kill.
You hit the orc.
You kill the orc!
Fedhas accepts your kill.
An orc priest comes into view.
The orc priest shouts!
The orc priest misses you.
Items here: )) †† a +3 whip; a +0 flail; an orc corpse x2
Your transformation is almost over.
The orc priest casts a cantrip, but nothing happens.
The orc priest hits you with a +0 club.
You closely miss the orc priest.
Your ball python bites the orc priest.
Your ball python grabs the orc priest.
Your ball python constricts the orc priest.
The orc priest hits your ball python but does no damage.
A centaur skeleton comes into view.
You hit the orc priest but do no damage.
You tail-slap the orc priest.
The orc priest is moderately wounded.
Your ball python completely misses the orc priest.
Your ball python constricts the orc priest.
The orc priest closely misses your ball python.
You hit the orc priest but do no damage.
The orc priest is moderately wounded.
Your ball python bites the orc priest.
Your ball python constricts the orc priest.
The orc priest invokes the aid of Beogh against you.
Beogh smites you!
You hit the orc priest but do no damage.
The orc priest is moderately wounded.
Your ball python bites the orc priest but does no damage.
Your ball python constricts the orc priest.
The orc priest hits you but does no damage.
You hit the orc priest. You tail-slap the orc priest.
The orc priest is severely wounded.
Your ball python bites the orc priest but does no damage.
Your ball python constricts the orc priest.
The orc priest calls down the wrath of Beogh upon you.
Pain shoots through your body!
* * * LOW HITPOINT WARNING * * *
Your ball python bites the orc priest.
Your ball python constricts the orc priest.
You hit the orc priest but do no damage.
You tail-slap the orc priest.
The orc priest is almost dead.
The orc priest closely misses your ball python.
Your ball python bites the orc priest.
Your ball python constricts the orc priest.
You hit the orc priest.
You kill the orc priest!
Fedhas accepts your kill.
You barely miss the orc.
The orc hits your ball python with a +2 short sword of venom.
Your ball python is poisoned.
Your ball python bites the orc.
Your ball python grabs the orc.
Your ball python constricts the orc.
You hit the orc.
Your tail-slap misses the orc.
The orc is almost dead.
Your ball python bites the orc.
The orc dies!
Fedhas accepts your kill.
Throwing (i - inventory. (/) - cycle)
g - 2 javelins (quivered)
Press: ? - help, Shift-Dir - straight line, f - orc priest
Aim: an orc priest You throw a javelin.
The javelin pierces through the orc priest!
The orc priest is heavily wounded.
The javelin pierces through the centaur skeleton!
The centaur skeleton is heavily damaged.
Your horns disappear.
Your ball python withers and dies!
The orc priest invokes the aid of Beogh against you.
Beogh smites you!
* * * LOW HITPOINT WARNING * * *
You hit the orc priest.
Your tail-slap misses the orc priest.
The orc priest is almost dead.
The orc priest completely misses you.
You hit the orc priest.
The orc priest is almost dead.
The orc priest invokes the aid of Beogh against you.
Beogh smites you!
You die...
Fedhas appreciates your contribution to the ecosystem.

.####..######.#
#.#
#..######.###.#
#..........##.#
#.#######..##.####
#.# #........# #.#
##.##.##.# #.#
#.##.##.#
...#####)#
.##.##.#
.(....Zo@#
.##.##.#
#..#######
.##.##.# .##.##.#
#.##.# #....#
###..# #..# #..#
#..#


You could see an orc priest and a centaur skeleton.

Vanquished Creatures
  Menkaure (D:5)
  A bullfrog zombie (D:5)
  5 jellies
  An orc priest (D:5)
  A centaur skeleton (D:4)
  Crazy Yiuf (D:2)
  Jessica (D:2)
  An orc wizard (D:4)
  Ijyb (D:3)
  Natasha (thrice) (D:2)
  Robin (D:2)
  8 adders
  10 oozes
  3 worms
  A leopard gecko (D:2)
  14 orcs
  2 ball pythons
  2 giant cockroaches
  12 hobgoblins
  13 jackals
  16 kobolds
  2 quokkas
  12 bats
  4 frilled lizards
  16 goblins
  2 leopard gecko skeletons (D:4)
  8 rats
142 creatures vanquished.

Vanquished Creatures (collateral kills)
  A centaur (D:3)
  Terence (D:3)
  A leopard gecko (D:2)
  3 orcs
  A ball python (D:2)
7 creatures vanquished.

Vanquished Creatures (others)
  2 fungi (D:3)
  7 toadstools (D:3)
9 creatures vanquished.

Grand Total: 158 creatures vanquished

Notes
Turn   | Place    | Note
-------+----------+-------------------------------------------
     0 | D:1      | CryoSword the Draconian Transmuter began the quest for the
                  | Orb.
     0 | D:1      | Reached XP level 1. HP: 16/16 MP: 3/3
   482 | D:1      | Reached XP level 2. HP: 21/23 MP: 3/5
   983 | D:1      | Reached XP level 3. HP: 28/28 MP: 4/6
  1409 | D:2      | Learned a level 2 spell: Sticks to Snakes
  1487 | D:2      | Noticed Robin
  1513 | D:2      | Killed Robin
  1563 | D:2      | Reached XP level 4. HP: 11/36 MP: 2/7
  1820 | D:2      | Found a bloodstained altar of Trog.
  2106 | D:2      | Found a runed translucent door.
  2107 | D:2      | Noticed Crazy Yiuf
  2159 | D:2      | Killed Crazy Yiuf
  2475 | D:2      | Noticed Jessica
  2481 | D:2      | Killed Jessica
  2481 | D:2      | Reached XP level 5. HP: 40/41 MP: 6/8
  2610 | D:2      | Noticed Natasha
  2620 | D:2      | Killed Natasha
  2739 | D:2      | Noticed Natasha
  2749 | D:2      | Killed Natasha
  2985 | D:2      | Found a bloodstained altar of Trog.
  3020 | D:2      | Noticed Natasha
  3030 | D:2      | Killed Natasha
  3402 | D:3      | Reached XP level 6. HP: 50/50 MP: 7/9
  3625 | D:3      | Noticed Ijyb
  3651 | D:3      | Killed Ijyb
  3993 | D:3      | Noticed Terence
  4009 | D:3      | Killed Terence
  4229 | D:3      | Reached skill level 5 in Unarmed Combat
  4520 | D:3      | Reached skill level 1 in Evocations
  4520 | D:3      | Your scales start taking on a dull iron-grey colour.
  4520 | D:3      | Reached XP level 7. HP: 29/57 MP: 8/10
  4520 | D:3      | Gained mutation: You can survive without breathing. [Grey
                  | Draconian growth]
  4896 | D:3      | Learned a level 3 spell: Spider Form
  4901 | D:3      | Learned a level 4 spell: Ice Form
  4984 | D:4      | Found a blossoming altar of Fedhas.
  5221 | D:4      | Became a worshipper of Fedhas Madash
  5266 | D:4      | Found a staircase to the Ecumenical Temple.
  5647 | D:5      | Entered Level 5 of the Dungeon
  5647 | D:5      | Found an iron altar of Okawaru.
  5647 | D:5      | Noticed Menkaure
  5806 | D:5      | Killed Menkaure
  5806 | D:5      | Reached skill level 5 in Transmutations
  5806 | D:5      | Reached skill level 1 in Poison Magic
  5944 | D:5      | Reached * piety under Fedhas
  5947 | D:5      | Killed from afar by an orc priest

Levels and vault maps discovered:
D:1:      dpeg_arrival_lava_altar, layout_loops_corners
D:2:      layout_basic, old_standard_altar, serial_forest,
          infiniplex_forest_clump_diagonal, infiniplex_forest_clump_large,
          infiniplex_forest_corner_1, infiniplex_forest_clump_small,
          infiniplex_forest_lined_corner, infiniplex_forest_lined_2,
          infiniplex_forest_straight_3, infiniplex_forest_clump_double,
          uniq_natasha, uniq_crazy_yiuf_cottage, uniq_robin, uniq_jessica
D:3:      cheibrodos_fertilizer, layout_loops_corners, uniq_terence, uniq_ijyb
D:4:      layout_gridville, fedhas_ov_isle_minmay, minmay_temple_entry_arrows,
          first_ration, bh_walls_and_bars
D:5:      layout_loops_ring, nicolae_tso_swordbearing_angel,
          okawaru_metal_pillars_3, uniq_menkaure

Skill      XL: |  1  2  3  4  5  6  7 |
---------------+----------------------+-----
Dodging        | 2 3 |  3.4
Fighting       | 2 3 |  3.5
Transmutations | 3 4 5 |  5.1
Unarmed Combat | 4 5 |  5.7
Evocations     | 1 |  1.1
Poison Magic   | 1 |  1.2
Spellcasting   | |  2.3

Action                   |  1- 3 |  4- 6 |  7- 9 || total
-------------------------+-------+-------+-------++-------
Melee: Unarmed           |   131 |   300 |   104 ||   535
       Tailslap          |    13 |    29 |    11 ||    53
       Punch             |     1 |     5 |     3 ||     9
       Headbutt          |    12 |    30 |    12 ||    54
Throw: Stone             |    10 |     1 |       ||    11
       Javelin           |       |    12 |     1 ||    13
       Dart              |       |     1 |     3 ||     4
 Cast: Beastly Appendage |    24 |    37 |    11 ||    72
       Sticks to Snakes  |     2 |    11 |     3 ||    16
 Stab: Sleeping          |       |     1 |     2 ||     3
       Distracted        |       |     1 |       ||     1
  Eat: Chunk             |     2 |    11 |     3 ||    16
       Ration            |       |       |     1 ||     1
Armor: Skin              |    33 |    96 |    31 ||   160
Dodge: Dodged            |    79 |   189 |    55 ||   323

Table legend:
 A = Non-vault XP
 B = Vault XP
 C = Vault XP percentage of total XP
 D = Non-vault monster count
 E = Vault monster count
 F = Vault count percentage of total count
                 A         B        C        D         E       F
            +---------+---------+-------+---------+---------+-------
      Total |     667 |     562 |  45.7 |     109 |      40 |  26.8
            +---------+---------+-------+---------+---------+-------
        D:1 |      42 |       0 |   0.0 |      24 |       0 |   0.0
        D:2 |     142 |     148 |  51.0 |      28 |      16 |  36.4
        D:3 |     175 |     260 |  59.8 |      33 |      23 |  41.1
        D:4 |     119 |       0 |   0.0 |      11 |       0 |   0.0
        D:5 |     189 |     154 |  44.9 |      13 |       1 |   7.1
            +---------+---------+-------+---------+---------+-------
